[Event "2nd Cambridge Open 2024"]
[Site "Cambridge"]
[Date "2024.02.22"]
[Round "6.13"]
[White "Hagesather, Nina"]
[Black "York-Weaving, Richard"]
[Result "0-1"]
[ECO "A36"]
[WhiteElo "1973"]
[BlackElo "2343"]
[Annotator "TA"]
[PlyCount "156"]
[EventDate "2024.02.18"]
[EventType "swiss"]
[EventCountry "ENG"]
[SourceTitle "playchess.com"]
[Source "ChessBase"]
[SourceQuality "1"]
[TimeControl "5400+30"]

1. e4 {[%emt 0:00:04] Melao,Hindemburg} c5 2. c4 Nc6 3. Nc3 g6 4. g3 Bg7 5. Bg2 e6 6. Nge2 Nge7 7. O-O O-O 8. d3 b6 9. a3 Bb7 10. Rb1 d6 11. b4 Qd7 12. b5 {[%emt 0:03:52] A36: Englische Eröffnung (Botwinnik-Variante).} Nd4 13. Nxd4 cxd4 14. Ne2 d5 15. cxd5 exd5 16. e5 Bxe5 17. Bb2 Qd6 18. Nxd4 Qf6 $146 ({Predecessor:} 18... a6 19. Re1 Bg7 20. a4 Rfe8 21. Qd2 axb5 22. Bh3 f5 23. Re6 Qd7 24. Rbe1 Rac8 25. Qg5 Nc6 26. Bxf5 Bxd4 27. Bxd4 Nxd4 28. Rxg6+ hxg6 29. Qxg6+ Kf8 30. Qf6+ {0-1 Sega,C (2280)-Limp,E (2434) Itau Mercosul Cup 3rd 1999 (6)}) 19. Qa4 Nf5 20. Nxf5 Bxb2 21. Nd6 Qxd6 22. Rxb2 Rfc8 23. Re1 Kg7 24. Rbe2 Rc7 $1 25. Qd4+ Qf6 26. Qb4 Rd8 27. Re8 Rd6 28. R1e5 Rc1+ 29. Re1 Rc2 30. R1e2 Rc7 31. R2e5 Bc8 32. d4 $2 (32. Rxd5 Rc1+ 33. Re1 Qa1 $17) (32. Bxd5 $11 {und Weiss muss sich keine Sorgen machen.} Rc1+ 33. Re1 (33. Kg2 $2 Rc5 $19) 33... Rxe1+ 34. Qxe1 Rxd5 35. Rxc8) 32... Bd7 $19 33. R8e7 {[%emt 0:01:30] [#]} Rc1+ $1 34. Re1 Rc4 (34... Rc2 $19 35. R7e2 Rc4) 35. Qb3 (35. Qb2 $17) 35... Rxd4 (35... Qxd4 $19 36. h4 Rc3) 36. R7e3 (36. R7e5 $17) 36... Bf5 37. Re7 (37. Re5 $17 {kämpft weiter.}) 37... Re6 38. R1xe6 $2 (38. R7xe6 Bxe6 39. Rd1) 38... Bxe6 $19 39. Rxa7 Rc4 40. Bf1 Rc1 (40... Qa1 $142 41. h4 Rc1) 41. Qe3 $19 Ra1 (41... Rd1 $142 {( -> ...Bh3)} 42. Qe2 (42. Qxb6 Bh3) 42... Rb1) 42. Kg2 (42. Qxb6 $2 Rxf1+ 43. Kxf1 Bh3+ 44. Ke1 Qxb6 $19) 42... d4 43. Qe4 $2 (43. Qf4) 43... Bf5 $19 44. Qd5 (44. Qe7 $142 Qxe7 45. Rxe7) 44... Be6 (44... Re1 $142 45. Qb3 Be4+ 46. f3 Re3 47. Qxf7+ Qxf7 48. Rxf7+ Kxf7 49. Bc4+ Kf6 50. fxe4 Ke5 (50... Rxe4 $2 51. Kf2 $19) (50... Rxa3 $2 51. Bg8 $19)) 45. Qe4 $1 $19 Ra2 46. Be2 Bf5 47. Qf3 $2 (47. Qe7 $19) 47... d3 48. Bd1 Qe5 (48... Be4 $142 49. Rxf7+ Qxf7 50. h4 Bxf3+ 51. Bxf3 h5 (51... Rxa3 {ist ein Selbstmatt.} 52. g4 Ra1 53. h5) 52. g4 hxg4 (52... Rxa3 53. g5 Qf4 54. Bd1 Ra2 55. Bf3 Qxh4 56. Be2 dxe2 57. Kf3 e1=Q 58. Kg2 Rxf2#) 53. Be2 dxe2 (53... Rxe2 54. Kg3 Qxf2+ 55. Kxg4 Qg2+ 56. Kf4 Re4#) 54. Kg3 Qf3+ (54... e1=R 55. Kxg4 Rg1+ 56. Kh3 Qf3+ 57. Kh2 Rh1#) 55. Kh2 Qxf2+ 56. Kh1 e1=Q#) 49. Ra4 $19 Re2 (49... Qxb5 $2 50. Qf4 Qd5+ 51. Bf3 $19) 50. Rf4 {[%emt 0:00:41] [#]} ({Nur nicht} 50. Bxe2 $2 dxe2) (50. g4 $142 Be4 51. Rxe4 Rxe4 52. Qxd3) 50... Qe6 $2 (50... Re1 $1 51. Rh4 (51. Bb3 Be4) 51... d2 (51... Qxb5 $2 52. Rf4 $19) (51... Be4 $2 52. Rxe4 Qxe4 53. Qxe4 $19)) 51. Rxf5 $19 (51. Bxe2 Bh3+ (51... dxe2 $2 52. Qc3+ f6 53. Rxf5 $19) 52. Kg1 dxe2) 51... gxf5 52. Qxd3 Qe4+ 53. Qxe4 Rxe4 54. Bc2 Re5 55. a4 Rc5 56. Bd3 Rd5 57. Bc2 Rc5 58. Bd3 Rd5 59. Bc2 Kf6 60. h4 h6 61. Kf3 Rd2 62. Bb1 Rb2 63. Bd3 Rb3 64. Ke2 f4 65. g4 $2 (65. gxf4 {nur so!} Rb4 66. Kf3) 65... Ra3 $19 66. Be4 Rxa4 67. f3 $2 (67. Kf3) 67... Ra2+ $19 68. Kd3 Rh2 69. h5 Ke5 70. Bf5 Rf2 71. Be4 Rb2 72. Kc4 Rd2 73. Kc3 Rd4 74. Bf5 Rd5 75. Kc4 Rc5+ 76. Kb4 Kd4 77. Bd7 Rc4+ 78. Kb3 Rc3+ 0-1

[Event "2nd Cambridge Open 2024"]
[Site "Cambridge"]
[Date "2024.02.22"]
[Round "6.14"]
[White "Golubovic, Boris"]
[Black "Jermy, Jaden"]
[Result "1/2-1/2"]
[ECO "E05"]
[WhiteElo "2342"]
[BlackElo "1968"]
[Annotator "TA"]
[PlyCount "74"]
[EventDate "2024.02.18"]
[EventType "swiss"]
[EventCountry "ENG"]
[SourceTitle "playchess.com"]
[Source "ChessBase"]
[SourceQuality "1"]
[TimeControl "5400+30"]

1. Nf3 Nf6 2. c4 e6 3. g3 d5 4. Bg2 Be7 5. O-O O-O 6. d4 dxc4 7. Qc2 b5 8. a4 Bb7 9. axb5 a6 10. bxa6 (10. Qxc4 $2 axb5 11. Qxb5 Bc6 (11... Rxa1 $2 12. Qxb7 Rxb1 13. Qa8 $19) 12. Rxa8 Bxb5 $19) 10... Nxa6 11. Qxc4 Bd5 12. Qd3 Nb4 13. Rxa8 Qxa8 14. Qd1 Ne4 (14... c5 $11 {is more appropriate.}) 15. Nc3 $14 Nxc3 16. bxc3 Na2 17. Bd2 Rb8 18. Ne1 Qa3 19. Bxd5 exd5 20. Qc2 Rb3 $2 {[%emt 0:03:09] [#]} (20... Rb2 $1 $14 21. Qd3 Qd6) 21. Qf5 $2 (21. Nd3 $1 $18 {And now Ra1 would win.} Nxc3 22. Nc1 Nxe2+ 23. Nxe2) 21... Qa8 22. Qc2 $2 (22. Qd3 $16) 22... Qa3 $18 {[%emt 0:00:23][%cal Ra2c3] [#]} 23. Qf5 $2 (23. Nd3 $1 $18 {Ra1 would now be deadly.} Nxc3 24. Nc1) 23... Qa8 $1 $16 24. Nc2 Nxc3 25. Qd3 Ne4 26. Qxb3 Nxd2 27. Qe3 Nxf1 28. Qxe7 {[%emt 0:00:36][%mdl 4096] Endgame. KQN-KQN} (28. Kxf1 $6 Bf8 $11) 28... Nd2 29. Qxc7 h6 30. Qc3 Ne4 31. Qd3 Qa2 32. Ne3 Qa1+ 33. Kg2 (33. Qd1 $16 Qa5 34. Qb1) 33... Qe1 $11 {[%emt 0:00:19] The position is equal.} 34. Nd1 (34. Nxd5 {leads to mate.} Qxf2+ (34... Nxf2 35. Qf3 $16) 35. Kh3 Qf1+ (35... Qf5+ $2 36. Kg2 $19) 36. Kg4 h5+ (36... Nf2+ $2 37. Kf4 $19) 37. Kh4 g5+ 38. Kxh5 Qh3#) 34... Nd2 35. Ne3 {[%emt 0:00:19][%cal Of2f3] Wards off Qf1+. Threatens to win with f3!} Ne4 36. Nd1 (36. Nxd5 {is a self mate.} Qxf2+ (36... Nxf2 37. Qf5 $14) 37. Kh3 Qf1+ (37... Qf5+ $2 38. Kg2 $19) 38. Kg4 h5+ (38... Nf2+ $2 39. Kf4 $19) 39. Kh4 g5+ 40. Kxh5 Qh3#) 36... Nd2 37. Ne3 {[%emt 0:01:35][%cal Of2f3] Inhibits Qf1+.} Ne4 {[%emt 0:00:05] Weighted Error Value: White=0.33/Black=0.17 (very precise) .  Loses game:     	---       	Black=1      Missed win:     	White=2     	---        Mistake:       	White=2     	Black=1      Inaccurate:     	White=1     	Black=1      OK:         	White=9     	Black=14     Best:        	White=3     	Black=4      Strong:       	---       	Black=1} 1/2-1/2

[Event "2nd Cambridge Open 2024"]
[Site "Cambridge"]
[Date "2024.02.22"]
[Round "6.15"]
[White "Redman, David J"]
[Black "Gourlay, Iain"]
[Result "0-1"]
[ECO "D58"]
[WhiteElo "1971"]
[BlackElo "2301"]
[Annotator "TA"]
[PlyCount "56"]
[EventDate "2024.02.18"]
[EventType "swiss"]
[EventCountry "ENG"]
[SourceTitle "playchess.com"]
[Source "ChessBase"]
[SourceQuality "1"]
[TimeControl "5400+30"]

1. Nf3 d5 2. c4 e6 3. d4 Nf6 4. Nc3 Be7 5. Bg5 h6 6. Bh4 O-O 7. e3 b6 8. Be2 dxc4 9. Bxf6 Bxf6 10. Bxc4 Bb7 {[%emt 0:01:15] Die Stellung ist ausgeglichen.} 11. O-O Nd7 12. e4 Re8 13. Qb3 c5 14. d5 exd5 15. Nxd5 Rxe4 16. Rad1 (16. Rae1 $11 Rxe1 17. Rxe1) 16... Ne5 $17 17. Nc3 Nxf3+ 18. gxf3 Rd4 19. Nb5 $2 {[%emt 0:00:06] [#] Verliert die Partie.} (19. Bxf7+ $17 {ist eine bessere Chance.} Kh8 20. Ne2) 19... Be5 $1 $19 {[%emt 0:05:00] Das Läuferpaar ist gut. Schwarz steht klar auf Gewinn.} 20. Bxf7+ Kh8 {[%emt 0:01:30] ( -> ...Qg5+)} 21. Rxd4 cxd4 22. Re1 Qg5+ 23. Kf1 Rd8 {[%emt 0:05:20] [#] Wehrt Bd5 ab. Und ...d3 würde nun gewinnen.} 24. Qd3 Rf8 25. Nxd4 Bxd4 26. Qxd4 Rxf7 27. Re8+ Kh7 28. Qd3+ Qf5 {[%emt 0:00:34] Gewichteter Fehlerwert: Weiß=0.63/Schwarz=0.03 (makellos) .  Verlustzug:     	Weiß=1     	---        Fehler:       	Weiß=1     	---        Ungenau:       	Weiß=2     	Schwarz=1     OK:         	Weiß=4     	Schwarz=7     Bester:       	Weiß=1     	Schwarz=4} 0-1

[Event "2nd Cambridge Open 2024"]
[Site "Cambridge"]
[Date "2024.02.22"]
[Round "6.16"]
[White "Shafi, Declan"]
[Black "Myall, Ivan J"]
[Result "1-0"]
[ECO "A07"]
[WhiteElo "2219"]
[BlackElo "1951"]
[Annotator "RC"]
[PlyCount "75"]
[EventDate "2024.02.18"]
[EventType "swiss"]
[EventCountry "ENG"]
[SourceTitle "playchess.com"]
[Source "ChessBase"]
[SourceQuality "1"]
[TimeControl "5400+30"]

1. Nf3 d5 2. g3 Nf6 3. Bg2 c6 4. O-O Bf5 5. d3 Nbd7 6. Nh4 Bg6 7. c4 e6 8. cxd5 Nxd5 9. e4 N5b6 10. d4 Be7 11. Nxg6 hxg6 12. Nc3 Nf6 13. a4 a5 14. h3 Bb4 15. Na2 Qe7 16. Qb3 Rd8 17. Be3 Nbd7 18. Nxb4 Qxb4 19. Qxb4 axb4 20. f4 Nb8 21. Rac1 O-O 22. Rfd1 Na6 23. g4 Rfe8 24. Kf2 Re7 25. g5 Ne8 26. d5 cxd5 27. exd5 e5 28. fxe5 Rxe5 29. Bf4 Rf5 30. Kg3 Nd6 31. h4 f6 32. Re1 fxg5 33. hxg5 Rff8 34. Bxd6 Rxd6 35. Bh3 Rf5 36. Bxf5 gxf5 37. Re5 g6 38. Re7 1-0

[Event "2nd Cambridge Open 2024"]
[Site "Cambridge"]
[Date "2024.02.22"]
[Round "6.17"]
[White "Gluma, Christian"]
[Black "Sivanandan, Bodhana"]
[Result "1/2-1/2"]
[ECO "B13"]
[WhiteElo "2256"]
[BlackElo "1856"]
[Annotator "TA"]
[PlyCount "109"]
[EventDate "2024.02.18"]
[EventType "swiss"]
[EventCountry "ENG"]
[SourceTitle "playchess.com"]
[Source "ChessBase"]
[SourceQuality "1"]
[TimeControl "5400+30"]

1. e4 c6 2. d4 d5 3. exd5 cxd5 4. Bd3 Nc6 5. c3 Qc7 6. Ne2 Bg4 7. O-O e6 8. Qe1 Bd6 9. f3 {[%emt 0:01:06] Weiß steht etwas besser.} Bf5 (9... Bxh2+ $2 {ist das falsche Schlagen.} 10. Kh1 $18) 10. Bxf5 exf5 11. Nf4+ (11. Bf4 $14) 11... Nge7 $11 12. Nxd5 Bxh2+ 13. Kh1 Qd6 {[%emt 0:00:00][%cal Oh2g3] Zielt auf ...Bg3! ab.} 14. Ne3 O-O-O {[%emt 0:00:00] Droht stark ...Bg3.} 15. Nc4 Qg3 16. f4 (16. Qxg3 {vereinfacht} Bxg3 17. f4 Nd5 18. Rf3) 16... h5 17. Qxg3 Bxg3 18. Rf3 $36 {[%emt 0:05:29][%mdl 2048] Weiss hat Druck.} h4 19. Nbd2 Nd5 20. Nf1 Nf6 21. Bd2 (21. Nxg3 $11 hxg3+ 22. Kg1) 21... Ne4 $15 22. Be1 Rh6 (22... Rh5 $15) 23. Kg1 $11 Rg6 (23... Rdh8 $11 {bleibt in der Remisbreite.}) 24. Nxg3 (24. Bxg3 $16 hxg3 25. Re1) 24... hxg3 25. Ne3 Ne7 26. Nf1 (26. Kf1 $11 {sieht stärker aus.}) 26... Nd5 {[%emt 0:00:00] Hervorragende Reitkunst.} ({Ein No Go ist} 26... Rb6 27. b3 $11) ({Günstiger ist} 26... Rh8 $15) 27. Nxg3 Nxg3 28. Rxg3 Nxf4 {[%emt 0:00:00] Und ...Ne2+ würde nun gewinnen.} 29. Rxg6 fxg6 {[%emt 0:00:00][%mdl 4096] Endspiel. KRB-KRN} 30. Bd2 Ne6 (30... Nd3 $11 {verdient Beachtung.}) 31. Re1 $14 Kd7 32. Kf2 a6 33. Rh1 Ke7 34. g3 g5 35. Kf3 g4+ 36. Ke2 Kf6 37. Be3 b5 38. a3 (38. Rd1 $11) 38... Rd7 (38... g5 $1 $15 39. Rh6+ Kf7) 39. b3 Rd8 40. Rd1 {[%emt 0:01:00] d5 wäre nun fies.} Ng5 $2 {[%emt 0:02:23] [#]} (40... Rc8 $11 {und Schwarz ist OK.}) 41. Bxg5+ $1 $18 Kxg5 {[%emt 0:00:12] KR-KR} 42. c4 f4 (42... Kf6 $142 43. Kd3 Re8) 43. gxf4+ Kxf4 44. d5 Ke5 {[%emt 0:01:14] [#]} 45. Ke3 $2 ({Der einzige Zug:} 45. Kd3 $1 $18) 45... g5 (45... bxc4 $11 46. bxc4 Rf8) 46. Rg1 ({Vorzuziehen ist} 46. Re1 $14) 46... Rh8 $11 {[%emt 0:00:08] Die Stellung ist ausgeglichen.} 47. Kd2 Rh3 48. Kc2 bxc4 49. bxc4 Rxa3 50. Rxg4 Kd6 51. Rxg5 Kc5 52. Rg4 a5 53. Re4 a4 54. Kd2 Rb3 55. Kc2 {[%emt 0:00:28] Weiß hat ein paar 100-prozentige Torchancen vergeben.   Gewichteter Fehlerwert: Weiß=0.17 (sehr präzise) /Schwarz=0.23 (präzise) .  Verlustzug:     	---       	Schwarz=1     Gewinn verpasst:   	Weiß=1     	---        Fehler:       	Weiß=6     	Schwarz=7     Ungenau:       	Weiß=3     	---        OK:         	Weiß=17    	Schwarz=24    Bester:       	Weiß=3     	Schwarz=1     Stark:        	Weiß=1     	---} 1/2-1/2

[Event "2nd Cambridge Open 2024"]
[Site "Cambridge"]
[Date "2024.02.22"]
[Round "6.18"]
[White "Hanache, Kai"]
[Black "Martyn, Rafe"]
[Result "1/2-1/2"]
[ECO "B33"]
[WhiteElo "1926"]
[BlackElo "2206"]
[Annotator "RC"]
[PlyCount "46"]
[EventDate "2024.02.18"]
[EventType "swiss"]
[EventCountry "ENG"]
[SourceTitle "playchess.com"]
[Source "ChessBase"]
[SourceQuality "1"]
[TimeControl "5400+30"]

1. e4 c5 2. Nf3 Nc6 3. d4 cxd4 4. Nxd4 Nf6 5. Nc3 e5 6. Nxc6 bxc6 7. Bc4 Bb4 8. O-O O-O 9. Qf3 d6 10. h3 Be6 11. Bd3 Nd7 12. Nd5 Bc5 13. Ne3 Qf6 14. Qg3 Qf4 15. Qxf4 exf4 16. Nf5 g5 17. Ne7+ Kh8 18. Nxc6 Ne5 19. b4 Nxc6 20. bxc5 dxc5 21. Bb2+ f6 22. a3 Ne5 23. Be2 Kg7 1/2-1/2

[Event "2nd Cambridge Open 2024"]
[Site "Cambridge"]
[Date "2024.02.22"]
[Round "6.19"]
[White "Borsos, Bogdan"]
[Black "McLean, Robert"]
[Result "1/2-1/2"]
[ECO "D46"]
[WhiteElo "2094"]
[BlackElo "1823"]
[Annotator "NA RC"]
[PlyCount "39"]
[EventDate "2024.02.18"]
[EventType "swiss"]
[EventCountry "ENG"]
[SourceTitle "playchess.com"]
[Source "ChessBase"]
[SourceQuality "1"]
[TimeControl "5400+30"]

1. c4 Nf6 2. Nc3 e6 3. Nf3 d5 4. e3 c6 5. d4 Bd6 6. Bd3 Nbd7 7. O-O O-O 8. e4 dxe4 9. Nxe4 Nxe4 10. Bxe4 Nf6 11. Bd3 c5 12. dxc5 Bxc5 13. Qc2 h6 14. a3 a5 15. b3 b6 16. Bb2 Bb7 17. Ne5 Bd4 18. Rad1 Bxb2 19. Qxb2 Qc7 20. Rfe1 1/2-1/2

[Event "2nd Cambridge Open 2024"]
[Site "Cambridge"]
[Date "2024.02.22"]
[Round "6.20"]
[White "Zhang, Junyi"]
[Black "Rushbrooke, Remy"]
[Result "1/2-1/2"]
[ECO "C42"]
[WhiteElo "1655"]
[BlackElo "2049"]
[Annotator "RC"]
[PlyCount "97"]
[EventDate "2024.02.18"]
[EventType "swiss"]
[EventCountry "ENG"]
[SourceTitle "playchess.com"]
[Source "ChessBase"]
[SourceQuality "1"]
[TimeControl "5400+30"]

1. e4 e5 2. Nf3 Nf6 3. Nxe5 d6 4. Nf3 Nxe4 5. d4 d5 6. Bd3 Bd6 7. O-O O-O 8. Re1 Bf5 9. c4 c6 10. Qb3 dxc4 11. Qxc4 Be6 12. Qc2 Nf6 13. Ng5 Bd5 14. Bxh7+ Kh8 15. Re3 Re8 16. Nc3 Rxe3 17. Bxe3 Bxh2+ 18. Kxh2 Ng4+ 19. Kg1 Nxe3 20. fxe3 Qxg5 21. Nxd5 cxd5 22. Kf2 Nc6 23. Rh1 Re8 24. Rh3 Re6 25. Qc5 Rh6 26. Rxh6 Qxh6 27. Bd3 Qh4+ 28. Kf1 Qf6+ 29. Ke2 Qd8 30. Bb5 Qd7 31. Bd3 g6 32. a3 Kg7 33. Bb5 Qg4+ 34. Kf2 Qf5+ 35. Ke2 Qe4 36. Kf2 Ne7 37. Bd3 Qxd3 38. Qxe7 Qa6 39. Qc5 Qf6+ 40. Ke2 Qg5 41. Kf2 Qf5+ 42. Ke2 Qe4 43. Kf2 b6 44. Qc7 Qf5+ 45. Ke2 g5 46. b4 g4 47. Qf4 Kg6 48. g3 f6 49. Kd2 1/2-1/2

[Event "2nd Cambridge Open 2024"]
[Site "Cambridge"]
[Date "2024.02.22"]
[Round "6.21"]
[White "Saine, Zachary"]
[Black "Nawalaniec, Adam"]
[Result "1-0"]
[ECO "B90"]
[WhiteElo "1978"]
[BlackElo "1876"]
[Annotator "RC"]
[PlyCount "75"]
[EventDate "2024.02.18"]
[EventType "swiss"]
[EventCountry "ENG"]
[SourceTitle "playchess.com"]
[Source "ChessBase"]
[SourceQuality "1"]
[TimeControl "5400+30"]

1. e4 c5 2. Nf3 d6 3. d4 cxd4 4. Nxd4 Nf6 5. Nc3 a6 6. Rg1 e5 7. Nb3 Be7 8. g4 h6 9. h4 Nh7 10. g5 hxg5 11. Nd5 Be6 12. hxg5 Nf8 13. Be3 Nbd7 14. Qd2 Bxd5 15. Qxd5 g6 16. Na5 Qc7 17. c3 Nc5 18. Bxc5 dxc5 19. Qxb7 Qxb7 20. Nxb7 Ne6 21. O-O-O Bxg5+ 22. Kb1 Bh4 23. Bc4 Ra7 24. Na5 Bd8 25. Nc6 Rc7 26. Nxe5 Bf6 27. Nxg6 Rh2 28. Bxe6 fxe6 29. e5 Bg7 30. Nf4 Bxe5 31. Nxe6 Rc6 32. Nd8 Rf6 33. Rge1 Rfxf2 34. Rxe5+ Kf8 35. Ka1 Rxb2 36. Rf1+ Kg8 37. Rg5+ Kh8 38. Rh5+ 1-0

[Event "2nd Cambridge Open 2024"]
[Site "Cambridge"]
[Date "2024.02.22"]
[Round "6.22"]
[White "Hebden, Mark L"]
[Black "Rida, Ruqayyah"]
[Result "0-1"]
[ECO "D00"]
[WhiteElo "2416"]
[BlackElo "1743"]
[Annotator "RC"]
[PlyCount "116"]
[EventDate "2024.02.18"]
[EventType "swiss"]
[EventCountry "ENG"]
[SourceTitle "playchess.com"]
[Source "ChessBase"]
[SourceQuality "1"]
[TimeControl "5400+30"]

1. d4 Nf6 2. Bg5 g6 3. Bxf6 exf6 4. e3 Bg7 5. c4 d5 6. Nc3 dxc4 7. Bxc4 f5 8. Nf3 O-O 9. O-O Nc6 10. a3 a6 11. Rc1 Rb8 12. Qe2 b5 13. Ba2 Bb7 14. Rfd1 Re8 15. Ne5 Nxe5 16. dxe5 Qe7 17. f4 c5 18. Bd5 Rbd8 19. Bxb7 Qxb7 20. e4 Rxd1+ 21. Rxd1 f6 22. exf6 Bxf6 23. e5 Be7 24. Nd5 Rd8 25. Nc3 Rxd1+ 26. Qxd1 Kf7 27. Kf2 Ke6 28. g3 Qc6 29. Qf3 Qxf3+ 30. Kxf3 c4 31. h3 Bc5 32. Ne2 a5 33. g4 b4 34. gxf5+ gxf5 35. axb4 axb4 36. Nc1 Bd4 37. b3 Bb2 38. Ne2 cxb3 39. Ke3 Bxe5 40. Kd3 Bd6 41. Nd4+ Kf6 42. Nxb3 Bxf4 43. Nd4 Be5 44. Nf3 Bc3 45. Kc4 h6 46. Kd3 Ke6 47. Kc4 Kd6 48. Kd3 Kd5 49. Nh4 f4 50. Nf3 Kc5 51. Nh4 Kb5 52. Nf5 Ka4 53. Nxh6 b3 54. Nf5 Be5 55. Ne7 Ka3 56. Nc6 b2 57. Nxe5 b1=Q+ 58. Kd4 Qb2+ 0-1

[Event "2nd Cambridge Open 2024"]
[Site "Cambridge"]
[Date "2024.02.22"]
[Round "6.23"]
[White "Golubovic, Erik"]
[Black "Bradbury, Neil H"]
[Result "1-0"]
[ECO "E16"]
[WhiteElo "2025"]
[BlackElo "2217"]
[Annotator "RC"]
[PlyCount "111"]
[EventDate "2024.02.18"]
[EventType "swiss"]
[EventCountry "ENG"]
[SourceTitle "playchess.com"]
[Source "ChessBase"]
[SourceQuality "1"]
[TimeControl "5400+30"]

1. d4 Nf6 2. c4 e6 3. Nf3 Bb4+ 4. Bd2 a5 5. g3 b6 6. Bg2 Bb7 7. O-O O-O 8. Nc3 d5 9. cxd5 exd5 10. Ne5 Bxc3 11. bxc3 Ne4 12. f3 Nd6 13. Qc2 Re8 14. Rae1 f6 15. Nd3 Nd7 16. Nf4 c5 17. e4 dxe4 18. fxe4 Ba6 19. Rf2 cxd4 20. cxd4 Rc8 21. Qd1 Bc4 22. Bc3 Bf7 23. Ba1 Nc4 24. Qg4 Qc7 25. Rfe2 Rcd8 26. h4 b5 27. h5 h6 28. Kh2 b4 29. Ng6 a4 30. e5 Be6 31. Qh4 fxe5 32. dxe5 Nf8 33. Nf4 Qc5 34. Nxe6 Nxe6 35. Rc1 Nd4 36. Re4 Nf3+ 37. Bxf3 Qf2+ 38. Bg2 Rd2 39. Rg1 Ne3 40. Rxe3 Qxe3 41. Qxb4 Rc8 42. Qxa4 Rcc2 43. Qe8+ Kh7 44. Qg6+ Kh8 45. Qe8+ Kh7 46. Qg6+ Kh8 47. Qf5 Rf2 48. Qg4 Rfd2 49. e6 Qg5 50. Qxg5 hxg5 51. h6 Rxa2 52. Bxg7+ Kh7 53. e7 Re2 54. Bf8 g4 55. Kh1 Rad2 56. Rc1 1-0

[Event "2nd Cambridge Open 2024"]
[Site "Cambridge"]
[Date "2024.02.22"]
[Round "6.24"]
[White "Underwood, Jon"]
[Black "McClement, Andrew"]
[Result "1/2-1/2"]
[ECO "A18"]
[WhiteElo "1993"]
[BlackElo "2223"]
[Annotator "RC"]
[PlyCount "62"]
[EventDate "2024.02.18"]
[EventType "swiss"]
[EventCountry "ENG"]
[SourceTitle "playchess.com"]
[Source "ChessBase"]
[SourceQuality "1"]
[TimeControl "5400+30"]

1. c4 Nf6 2. Nc3 e6 3. e4 d5 4. e5 d4 5. exf6 dxc3 6. bxc3 Qxf6 7. d4 c5 8. Nf3 cxd4 9. Bg5 Qf5 10. cxd4 Bb4+ 11. Bd2 Nc6 12. Bxb4 Nxb4 13. Rb1 Qa5 14. Qd2 Nc6 15. Bd3 Rb8 16. Be4 Bd7 17. d5 Qxd2+ 18. Kxd2 Na5 19. Ne5 Rc8 20. Rhc1 b6 21. Kd3 Rc5 22. Kd4 f6 23. Nxd7 Kxd7 24. dxe6+ Kxe6 25. Bd5+ Kd7 26. Rb5 Rhc8 27. Rxc5 Rxc5 28. Rc3 Nc6+ 29. Bxc6+ Kxc6 30. Ra3 a5 31. Re3 Kd7 1/2-1/2

[Event "2nd Cambridge Open 2024"]
[Site "Cambridge"]
[Date "2024.02.22"]
[Round "6.25"]
[White "Karamsetty, Jeevan"]
[Black "Blauhut, Holger"]
[Result "1/2-1/2"]
[ECO "C47"]
[WhiteElo "2211"]
[BlackElo "2016"]
[Annotator "RC"]
[PlyCount "112"]
[EventDate "2024.02.18"]
[EventType "swiss"]
[EventCountry "ENG"]
[SourceTitle "playchess.com"]
[Source "ChessBase"]
[SourceQuality "1"]
[TimeControl "5400+30"]

1. e4 e5 2. Nc3 Nf6 3. g3 d5 4. exd5 Nxd5 5. Bg2 Nxc3 6. bxc3 Bd6 7. Nf3 O-O 8. O-O Nc6 9. Rb1 Rb8 10. d4 exd4 11. cxd4 h6 12. Be3 Bg4 13. h3 Bh5 14. Rb5 Bg6 15. Nh4 a6 16. Nxg6 axb5 17. Nxf8 Bxf8 18. c3 Qd7 19. Qh5 Na5 20. a4 Nc4 21. axb5 Nxe3 22. fxe3 c6 23. Rb1 Ra8 24. Qf3 cxb5 25. Qxb7 Qxb7 26. Bxb7 Ra3 27. Rxb5 Rxc3 28. Kf2 g6 29. Bd5 Be7 30. Rb1 h5 31. Kf3 Bg5 32. Rb8+ Kg7 33. Re8 Rc7 34. Re5 Bf6 35. Re8 Bg5 36. Bb3 Rb7 37. Ba4 Re7 38. Rxe7 Bxe7 39. Ke4 Bg5 40. d5 h4 41. g4 f5+ 42. gxf5 gxf5+ 43. Kd4 Bf6+ 44. Kc5 Bg5 45. Kd4 Bf6+ 46. Kd3 Be5 47. Bd7 Kf6 48. Bc8 Bb8 49. Ke2 Ke5 50. Kf3 Ba7 51. Be6 Bc5 52. Bg8 Ba7 53. Bh7 Kxd5 54. Bxf5 Bxe3 55. Kxe3 Ke5 56. Bc8 Kf6 1/2-1/2

[Event "2nd Cambridge Open 2024"]
[Site "Cambridge"]
[Date "2024.02.22"]
[Round "6.26"]
[White "Volovich, Julia"]
[Black "Sowray, Peter J"]
[Result "0-1"]
[ECO "D35"]
[WhiteElo "1983"]
[BlackElo "2169"]
[Annotator "RC"]
[PlyCount "102"]
[EventDate "2024.02.18"]
[EventType "swiss"]
[EventCountry "ENG"]
[SourceTitle "playchess.com"]
[Source "ChessBase"]
[SourceQuality "1"]
[TimeControl "5400+30"]

1. d4 d5 2. c4 e6 3. Nc3 Nf6 4. cxd5 exd5 5. Bg5 c6 6. e3 Be7 7. Bd3 Nbd7 8. h3 h6 9. Bf4 Nb6 10. Qc2 Be6 11. Nf3 Bd6 12. Bxd6 Qxd6 13. O-O O-O 14. Rab1 Qe7 15. Ne5 Nfd7 16. Nxd7 Bxd7 17. Ne2 Nc8 18. b4 Nd6 19. a4 a6 20. a5 Rae8 21. Nc3 f5 22. Rbe1 Qf6 23. f4 Re7 24. Qf2 Be8 25. Kh2 Bg6 26. Rg1 Rfe8 27. Nd1 Re6 28. Ref1 Qe7 29. g4 Ne4 30. Bxe4 Rxe4 31. g5 h5 32. Qe1 h4 33. Qxh4 Qxb4 34. Qg3 Qxa5 35. Qf3 Kf7 36. Rf2 Qc7 37. Rb2 Qe7 38. Rgg2 Rh8 39. Qg3 Bh5 40. g6+ Ke8 41. Qg5 Bxd1 42. Qxf5 Rxe3 43. Qc8+ Qd8 44. Qxd8+ Kxd8 45. Rxb7 Rhxh3+ 46. Kg1 Re1+ 47. Kf2 Re7 48. Rb6 Kc7 49. Rxa6 Rf3+ 50. Kg1 Rxf4 51. Rd2 Bh5 0-1

[Event "2nd Cambridge Open 2024"]
[Site "Cambridge"]
[Date "2024.02.22"]
[Round "6.27"]
[White "Abhyuday, Santhosh"]
[Black "Kovalskyi, Roman"]
[Result "1/2-1/2"]
[ECO "B38"]
[WhiteElo "2058"]
[BlackElo "2009"]
[Annotator "RC"]
[PlyCount "132"]
[EventDate "2024.02.18"]
[EventType "swiss"]
[EventCountry "ENG"]
[SourceTitle "playchess.com"]
[Source "ChessBase"]
[SourceQuality "1"]
[TimeControl "5400+30"]

1. e4 c5 2. Nf3 g6 3. d4 cxd4 4. Nxd4 Nc6 5. c4 Nf6 6. Nc3 d6 7. f3 Bg7 8. Be3 O-O 9. Be2 Bd7 10. Qd2 a5 11. Ndb5 a4 12. O-O Qa5 13. Rac1 Rfc8 14. Rfd1 Ne5 15. b3 axb3 16. axb3 Bxb5 17. Nxb5 Qxd2 18. Rxd2 Ned7 19. Bd1 Nc5 20. b4 Na6 21. Nd4 Nxb4 22. Rb1 Rxc4 23. Be2 Rc3 24. Kf2 Na6 25. Ra2 Rac8 26. Bxa6 bxa6 27. Rxa6 R3c7 28. Rb5 Nd7 29. Rba5 Nb8 30. Ra8 Bxd4 31. Bxd4 Nc6 32. Ra4 Nd8 33. R4a7 Ne6 34. Bb2 Rc2+ 35. Kg3 Kf8 36. e5 dxe5 37. Bxe5 f6 38. Bb2 Kf7 39. Rxc8 Rxc8 40. Ba3 Nc7 41. Kf4 e5+ 42. Kg3 Ke6 43. Kf2 h5 44. Rb7 Nd5 45. Rb2 Rc6 46. g3 Nc3 47. Kg2 Nd1 48. Rd2 Ne3+ 49. Kf2 Nf5 50. Bb2 Rb6 51. Ba3 Rb3 52. Bc5 Rc3 53. Bb6 h4 54. Re2 Rc6 55. Be3 Rc3 56. Bb6 Rb3 57. Ba7 Rb7 58. Be3 Rb1 59. Kg2 Kd5 60. Bf2 Rb4 61. Ra2 Ke6 62. g4 Nd4 63. Bxh4 g5 64. Bf2 Nc6 65. h4 gxh4 66. Bxh4 f5 1/2-1/2